 Dungeon Crawl Stone Soup version 0.30-a0-879-ga8ba668304 (webtiles) character file.

Game seed: 3178062527022483840

5052 NinjaNoafa the Thaumaturge (level 10, -1/69 HPs)
             Began as a Green Draconian Conjurer on Mar 13, 2023.
             Was a Follower of Vehumet.
             Slain by Duvessa
             ... wielding a +1 vampiric short sword
              (19 damage)
             ... on level 7 of the Dungeon on Mar 14, 2023.
             The game lasted 00:31:54 (6508 turns).

NinjaNoafa the Thaumaturge (DrCj)                   Turns: 6508, Time: 00:31:54

Health: -1/69      AC:  8    Str: 11    XL:     10   Next: 31%
Magic:  1/32       EV: 12    Int: 28    God:    Vehumet [*.....]
Gold:   446        SH:  0    Dex:  9    Spells: 21/28 levels left

rFire   . . .      SeeInvis .    a - +1 whip (venom)
rCold   . . .      Faith    .    (no shield)
rNeg    . . .      Spirit   .    (body armour unavailable)
rPois   +          Reflect  .    (helmet restricted)
rElec   .          Rampage  .    (no cloak)
rCorr   .                        h - +0 pair of gloves
Will    .....                    (no boots)
Stlth   ++                       (no amulet)
HPRegen 0.31/turn                g - ring of magical power
MPRegen 0.23/turn                o - +6 ring of intelligence

@: invisible
A: breathe noxious fumes, AC +7, unfitting armour, poison resistance,
cold-blooded
a: Breathe Noxious Fumes, Renounce Religion


You were on level 7 of the Dungeon.
You worshipped Vehumet.
Vehumet was aware of your devotion.
You visited 2 branches of the dungeon, and saw 9 of its levels.

You collected 446 gold pieces.

Inventory:

Hand Weapons
 a - a +1 whip of venom (weapon)
Missiles
 j - 4 boomerangs
 m - 6 poisoned darts
Armour
 h - a +0 pair of gloves (worn)
Jewellery
 g - a ring of magical power (left hand)
 o - a +6 ring of intelligence (right hand)
 s - a ring of fire
Wands
 l - a wand of roots (25)
 p - a wand of mindburst (16)
 t - a wand of digging (11)
 u - a wand of flame (4)
 y - a wand of paralysis (15)
 E - a wand of polymorph (12)
Scrolls
 b - 2 scrolls of amnesia
 e - 2 scrolls of noise
 f - a scroll of magic mapping
 i - a scroll of brand weapon
 k - 2 scrolls of silence
 n - 2 scrolls of fear
 q - 4 scrolls of immolation
 r - 3 scrolls of teleportation
 x - 2 scrolls of enchant weapon {unknown}
 D - a scroll of identify
Potions
 c - a potion of might
 v - 2 potions of haste
 w - 2 potions of attraction
 z - 2 potions of mutation
 A - a potion of cancellation
 B - a potion of berserk rage
 C - a potion of flight


   Skills:
 - Level 1.7 Dodging
 - Level 1.7 Stealth
 + Level 9.5 Spellcasting
 + Level 9.2 Conjurations
 - Level 8.0 Translocations


You had 21 spell levels left.
You knew the following spells:

 Your Spells              Type           Power      Damage    Failure   Level
a - Magic Dart            Conj           100%       1d8       1%          1
b - Searing Ray           Conj           100%       2d8       1%          2
c - Iskenderun's Mystic   Conj/Tloc      57%        2d12      1%          4

Your spell library contained the following spells:

 Spells                   Type           Power      Damage    Failure   Level
 Sandblast                Erth           26%        2d8       4%          1
 Dazzling Flash           Conj/Hex       78%        N/A       1%          3
 Mephitic Cloud           Conj/Pois/Air  30%        N/A       3%          3
 Cigotuvi's Dreadful Rot  Necr/Pois/Air  26%        N/A       6%          2
 Ensorcelled Hibernation  Hex/Ice        26%        N/A       6%          2
 Poisonous Vapours        Pois/Air       26%        N/A       6%          2
 Fulminant Prism          Conj/Hex       19%        3d10      6%          4
 Spider Form              Tmut/Pois      13%        N/A       13%         3
 Anguish                  Hex/Necr       6%         N/A       38%         4


Dungeon Overview and Level Annotations

Branches:
Dungeon (8/15)             Temple (1/1) D:6
   Lair: D:8-11

Altars:
Ashenzari
Cheibriados
Dithmenos
Elyvilon
Fedhas
Gozag
Hepliaklqana
Kikubaaqudgha
Makhleb
Okawaru
Qazlal
Ru
Sif Muna
Trog
Uskayaw
Vehumet
Yredelemnul
The Shining One

Annotations:
D:2 1 runed translucent door, Crazy Yiuf
D:3 Terence
D:7 Duvessa


Innate Abilities, Weirdness & Mutations

You can breathe blasts of noxious fumes.
Your lurid green scales are hard. (AC +7)
You cannot fit into any form of body armour.
Your system is resistant to poisons. (rPois)
You are cold-blooded and may be slowed by cold attacks.


Message History

Duvessa draws strength from your wounds!
The searing ray hits Duvessa!
Duvessa is severely wounded.
Duvessa barely misses you. x2
You barely miss Duvessa.
Your tail-slap misses Duvessa.
Duvessa is severely wounded.
Duvessa hits you with a +1 vampiric short sword.
* * * LOW HITPOINT WARNING * * *
You closely miss Duvessa.
Duvessa is severely wounded.
Duvessa completely misses you. Duvessa barely misses you.
You closely miss Duvessa.
Your tail-slap misses Duvessa.
Duvessa is severely wounded.
Duvessa hits you with a +1 vampiric short sword!
* * * LOW HITPOINT WARNING * * *
Duvessa draws strength from your wounds!
Duvessa hits you with a +1 vampiric short sword!
* * * LOW HITPOINT WARNING * * *
You fade into invisibility!
Duvessa closely misses you. Duvessa closely misses you.
You see here a yak corpse.
Okay, then.
You hit Duvessa but do no damage.
Duvessa is poisoned.
Duvessa is heavily wounded.
Duvessa closely misses you.
Found a sling.
Duvessa rages.
Duvessa misses you. Duvessa closely misses you.
Casting: Searing Ray (safe; 1% risk of failure)
Confirm with . or Enter, or press ? or * to list all spells.
Aiming: Searing Ray (safe; 1% risk of failure)
Press: ? - help, Shift-Dir - straight line, f/p - Duvessa
Aim: Duvessa, wielding a +1 vampiric short sword and wearing a +0 ring mail (severely wounded, berserk, unable to see you, very poisoned, 87% to hit)
The searing ray hits Duvessa!
Duvessa is almost dead. (Press . to maintain the ray.) Duvessa hits you with a +1 vampiric short sword!!
You die...

.... #.. ... )..#
#### #.. ....# ...#
# #.# ...# ... #.#.#
...# #..##.#.##...#
#......e@....### ..
.##...#....[......
#.
#.##...####.#.#.###
#.. #.##...).[†[†.#
#
#..###.##.#.####>###
#........ #.# #.#
#..#...## #.# #.#
#.......###.# #.#
#...e....##.# #.#


You could see Duvessa (berserk, unable to see you, very poisoned).

Vanquished Creatures
  Pikel (D:8)
  Prince Ribbit (D:5)
  Grinder (D:5)
  A wyvern (D:7)
  11 yaks
  A steam dragon (D:8)
  Edmund (D:4)
  An orc warrior (D:8)
  A sky beast (D:5)
  2 ogres
  A black bear (D:6)
  3 centaurs
  2 phantoms
  3 lemures (D:7)
  A bullfrog (D:6)
  7 scorpions
  Dowan (D:7)
  6 hounds
  5 orc priests
  A jelly (D:6)
  Jessica (D:3)
  A sleepcap (D:7)
  Ijyb (D:3)
  5 orc wizards
  4 iguanas
  3 gnolls (D:6)
  10 adders
  A white imp (D:5)
  2 ufetubi
  5 worms
  2 dart slugs
  29 orcs
  6 ball pythons
  6 bats
  12 endoplasms
  5 giant cockroaches
  7 hobgoblins
  3 jackals
  4 frilled lizards (D:2)
  5 goblins
  9 kobolds
  9 rats
181 creatures vanquished.

Notes
Turn   | Place    | Note
-------+----------+-------------------------------------------
     0 | D:1      | NinjaNoafa the Draconian Conjurer began the quest for the
                  | Orb.
     0 | D:1      | Reached XP level 1. HP: 14/14 MP: 3/3
   140 | D:1      | Reached XP level 2. HP: 20/20 MP: 0/5
   653 | D:1      | Found a faded altar of an unknown god.
   817 | D:1      | Learned a level 2 spell: Searing Ray
  1079 | D:2      | Reached XP level 3. HP: 26/26 MP: 7/7
  1397 | D:2      | Reached skill level 5 in Conjurations
  1472 | D:2      | Reached XP level 4. HP: 22/33 MP: 8/8
  1914 | D:2      | Found a runed translucent door.
  1915 | D:2      | Noticed Crazy Yiuf
  2357 | D:3      | Noticed Terence
  2397 | D:3      | Found a bloodstained altar of Trog.
  2397 | D:3      | Found a glowing golden altar of the Shining One.
  2403 | D:3      | Noticed Jessica
  2405 | D:3      | Killed Jessica
  2407 | D:3      | Reached XP level 5. HP: 34/38 MP: 8/9
  2732 | D:3      | Noticed Ijyb
  2738 | D:3      | Killed Ijyb
  2833 | D:4      | Found a snail-covered altar of Cheibriados.
  3278 | D:4      | Reached skill level 1 in Translocations
  3512 | D:4      | Noticed Edmund
  3528 | D:4      | HP: 1/29 [Edmund/+4 flail of draining (2)]
  3534 | D:4      | Killed Edmund
  3535 | D:4      | Reached XP level 6. HP: 10/44 MP: 8/10
  3711 | D:4      | Identified the +1 plate armour of Kiom {Will++ Int+4}
  3793 | D:5      | Entered Level 5 of the Dungeon
  3842 | D:5      | Noticed Prince Ribbit
  3851 | D:4      | Learned a level 4 spell: Iskenderun's Mystic Blast
  3922 | D:5      | Found an opulent altar of Gozag.
  3975 | D:5      | Your scales start taking on a lurid green colour.
  3975 | D:5      | Reached XP level 7. HP: 48/50 MP: 10/11
  3975 | D:5      | Gained mutation: Your system is resistant to poisons.
                  | (rPois) [Green Draconian growth]
  4016 | D:5      | Reached skill level 5 in Translocations
  4105 | D:5      | Noticed Grinder
  4118 | D:5      | Killed Grinder
  4224 | D:5      | Killed Prince Ribbit
  4225 | D:5      | Reached XP level 8. HP: 30/57 MP: 2/12
  4588 | D:5      | Reached skill level 5 in Spellcasting
  5389 | D:6      | HP: 1/57 [orc priest/divine providence (12)]
  5467 | D:6      | Reached XP level 9. HP: 49/62 MP: 10/19
  5601 | D:6      | Found a staircase to the Ecumenical Temple.
  5612 | Temple   | Entered the Ecumenical Temple
  5637 | Temple   | Became a worshipper of Vehumet
  6290 | D:7      | Noticed Dowan
  6333 | D:8      | Reached * piety under Vehumet
  6333 | D:8      | Offered knowledge of Sandblast by Vehumet.
  6444 | D:8      | Noticed Pikel
  6451 | D:7      | Reached XP level 10. HP: 46/69 MP: 19/23
  6457 | D:7      | Killed Dowan
  6458 | D:7      | Noticed Duvessa
  6469 | D:8      | Killed Pikel
  6508 | D:7      | Slain by Duvessa

Illustrated notes

Levels and vault maps discovered:
D:1:      mrwooster_arrival_statue_2, layout_basic,
          dreamdust_ecumenical_altar_grove, minmay_misc_feat_ornament,
          minmay_pentomino_o4
D:2:      minmay_razor_zed, layout_loops_cross, chequers_serial_rivers_micro_d,
          minmay_3d_cube, uniq_crazy_yiuf_cottage
D:3:      layout_basic, nicolae_overflow_squiral, minmay_hedge_maze,
          kennysheep_cross_bottleneck, uniq_jessica, uniq_ijyb, uniq_terence
D:4:      nicolae_cairo_tiling_large, layout_basic, cheibriados_altar_1,
          uniq_edmund
D:5:      minmay_chambers_of_threes, layout_layer_cave,
          mainiacjoe_overflow_six_doors_small, uniq_grinder, uniq_prince_ribbit1
D:6:      layout_loops_corners, minmay_temple_entry_ruins, serial_glass,
          glass_columns_a, glass_columns_c, glass_columns_b, glass_columns_a,
          glass_columns_a
D:7:      layout_loops_ring, overflow_temple_1_default,
          gammafunk_ghost_abyssal_escape, uniq_duvessa
D:8:      layout_rooms, overflow_temple_1_default, nicolae_diode_basic,
          uniq_amaemon, uniq_pikel
Temple:   nicolae_temple_ecumenical_triangle

Skill      XL: |  1  2  3  4  5  6  7  8  9 10 |
---------------+-------------------------------+-----
Conjurations   | 5 6 8 9 |  9.2
Translocations | 3 4 7 8 |  8.0
Spellcasting   | 6 9 |  9.5
Dodging        | |  1.7
Stealth        | |  1.7

Action                     |  1- 3 |  4- 6 |  7- 9 | 10-12 || total
---------------------------+-------+-------+-------+-------++-------
  Melee: Unarmed           |    14 |       |       |       ||    14
         Dagger            |    30 |    17 |     4 |       ||    51
         Tailslap          |     5 |     5 |       |     1 ||    11
         Whip              |       |       |     2 |     9 ||    11
   Cast: Magic Dart        |    40 |    13 |     4 |       ||    57
         Searing Ray       |     7 |    34 |    28 |     2 ||    71
         Iskenderun's Myst |       |     2 |    42 |     8 ||    52
Ability: Breathe Noxious F |       |       |    11 |     1 ||    12
  Evoke: Wand              |       |       |     3 |       ||     3
    Use: Potion            |       |     4 |     4 |     2 ||    10
         Scroll            |       |       |    14 |       ||    14
   Stab: Sleeping          |     2 |       |       |       ||     2
 Armour: Skin              |    31 |    23 |    28 |     3 ||    85
  Dodge: Dodged            |    48 |    32 |    57 |    15 ||   152

Table legend: (Time is in decaauts)
 A = Elapsed time spent in this place.
 B = Non-inter-level travel time spent in this place.
 C = Inter-level travel time spent in this place.
 D = Time resting spent in this place.
 E = Time spent auto-exploring this place.
 F = Levels seen in this place.
 G = Mean time per level.
                   A        B        C        D        E       F      G
               +--------+--------+--------+--------+--------+-----+--------+
         Total |   6510 |   6158 |    352 |    106 |   4009 |   9 |  723.3 |
       Dungeon |   6457 |   6119 |    338 |    106 |   3993 |   8 |  807.1 |
        Temple |     52 |     38 |     14 |      0 |     16 |   1 |   52.0 |
               +--------+--------+--------+--------+--------+-----+--------+

Top non-repeatable levels by time:
     D:5: 1419 daAuts
     D:2: 1140 daAuts
     D:1: 1047 daAuts
     D:4: 973 daAuts
     D:6: 906 daAuts
     D:3: 644 daAuts
     D:8: 179 daAuts
     D:7: 144 daAuts
  Temple: 52 daAuts
